 Dungeon Crawl Stone Soup version 0.28-a0-533-g9f97627e2a (webtiles) character file.

Game seed: 9175495716144249710

3747 heikuro the Cleaver (level 10, -3/78 (79) HPs)
             Began as a Formicid Fighter on Sept 26, 2021.
             Was a Priest of Okawaru.
             Slain by a tengu warrior (13 damage)
             ... on level 8 of the Dungeon.
             The game lasted 00:10:12 (8804 turns).

heikuro the Cleaver (Formicid Fighter)              Turns: 8804, Time: 00:10:13

HP:   -3/78 (79)    AC: 17    Str: 24    XL:     10   Next: 37%
MP:   12/14         EV: 10    Int:  8    God:    Okawaru [***...]
Gold: 339           SH:  7    Dex: 10    Spells: 9/9 levels left

rFire   . . .      SeeInvis +   a - +2 battleaxe (freeze)
rCold   . . .      Faith    .   c - +0 buckler
rNeg    . . .      Spirit   .   f - +0 chain mail
rPois   +          Reflect  .   (helmet unavailable)
rElec   .          Harm     .   d - +1 cloak {rPois}
rCorr   .          Rampage  .   u - +0 pair of gloves
Will    +....                   o - +0 pair of boots
Stlth   ..........              (no amulet)
HPRegen 0.23/turn               (no ring)
MPRegen 0.14/turn               (no ring)

@: heroic, lightly drained
A: permanent stasis, dig shafts and tunnels, antennae 3, four strong arms
a: Dig, Shaft Self, Renounce Religion, Heroism


You were on level 8 of the Dungeon.
You worshipped Okawaru.
Okawaru was most pleased with you.
You visited 2 branches of the dungeon, and saw 9 of its levels.

You collected 339 gold pieces.

Inventory:

Hand Weapons
 a - a +2 battleaxe of freezing (weapon)
 h - a +1 dagger of draining
 I - a +0 battleaxe
Missiles
 e - 4 javelins (quivered)
 v - 8 poisoned darts
Armour
 c - a +0 buckler (worn)
 d - a +1 cloak of poison resistance (worn)
 f - a +0 chain mail (worn)
 o - a +0 pair of boots (worn)
 u - a +0 pair of gloves (worn)
 y - a scarf of resistance
Jewellery
 m - a ring of ice
 D - a ring of flight
Wands
 b - a wand of mindburst (12)
 j - a wand of polymorph (10)
 s - a wand of acid (9)
 t - a wand of iceblast (10)
 E - a wand of flame (6)
 G - a wand of digging (5)
 H - a wand of paralysis (6)
Scrolls
 k - 3 scrolls of identify
 l - a scroll of teleportation {unknown}
 n - a scroll of silence {unknown}
 r - 2 scrolls of brand weapon {unknown}
 w - a scroll of holy word {unknown}
 x - a scroll of acquirement {unknown}
 z - 2 scrolls of fear {unknown}
 A - a scroll of fog {unknown}
 F - a scroll of magic mapping {unknown}
Potions
 g - a potion of flight
 i - a potion of cancellation
 p - 2 potions of haste {unknown}
 q - a potion of resistance {unknown}
 B - a potion of ambrosia {unknown}
 C - a potion of might


   Skills:
 + Level 7.0(12.0) Fighting
 * Level 8.2(13.2) Axes
 + Level 6.9(11.9) Armour
 + Level 7.6(12.6) Shields
 + Level 5.5 Invocations
 + Level 5.3 Evocations


You had 9 spell levels left.
You didn't know any spells.
Your spell library contained the following spells:

 Spells                   Type           Power      Damage    Failure   Level
 Pain                     Necr           0%         1d4       91%         1
 Ensorcelled Hibernation  Hex/Ice        0%         N/A       97%         2
 Passwall                 Tmut/Erth      0%         N/A       97%         2
 Sublimation of Blood     Necr           0%         N/A       97%         2
 Wereblood                Tmut           0%         N/A       97%         2
 Passage of Golubria      Tloc           N/A        N/A       100%        4
 Yara's Violent Unravell  Hex/Tmut       0%         3d3       100%        5
 Invisibility             Hex            0%         N/A       100%        6
 Swiftness                Air            Unusable   N/A       N/A         3
 Tukima's Dance           Hex            Unusable   N/A       N/A         3
 Summon Hydra             Summ           Unusable   N/A       N/A         7

Dungeon Overview and Level Annotations

Branches:
Dungeon (8/15)             Temple (1/1) D:4
   Lair: D:8-11

Altars:
Ashenzari
Cheibriados
Dithmenos
Elyvilon
Fedhas
Gozag
Hepliaklqana
Kikubaaqudgha
Makhleb
Okawaru
Qazlal
Sif Muna
Trog
Uskayaw
Vehumet
Wu Jian
Xom
Yredelemnul
Zin
The Shining One

Shops:
D:6 *   D:7 (

Annotations:
D:5 2 transporters


Innate Abilities, Weirdness & Mutations

You cannot be hasted, slowed, berserked, paralysed or teleported.
You can dig through walls and to a lower floor.
You have a pair of large antennae on your head. (SInv)
Your four strong arms can wield two-handed weapons with a shield.


Message History

Items here: )) [ †.
The tengu warrior blocks your attack. You block the tengu warrior's attack.
The tengu warrior completely misses you.
The tengu warrior claws you but does no damage.
You barely miss the tengu warrior.
The tengu warrior hits you with a +2 war axe of electrocution!
The tengu warrior pecks you but does no damage.
The tengu warrior claws you but does no damage.
The tengu warrior blocks your attack.
The tengu warrior hits you with a +2 war axe of electrocution.
The tengu warrior pecks you but does no damage.
The tengu warrior claws you but does no damage.
The tengu warrior hits you with a +2 war axe of electrocution.
You are electrocuted!!
* * * LOW HITPOINT WARNING * * *
The tengu warrior pecks you.
* * * LOW HITPOINT WARNING * * *
The tengu warrior barely misses you.
Items here: )) [ †.
Things that are here:
a +0 mace; a +0 scale mail; a wand of flame (3)
You gain the combat prowess of a mighty hero.
You can no longer speed up your combat.
The tengu warrior hits you with a +2 war axe of electrocution.
* * * LOW HITPOINT WARNING * * *
You block the tengu warrior's attack. The tengu warrior closely misses you.
Unknown command.
Okay, then.
The tengu warrior blocks your attack.
The tengu warrior hits you with a +2 war axe of electrocution.
* * * LOW HITPOINT WARNING * * *
You block the tengu warrior's attack. The tengu warrior claws you.
* * * LOW HITPOINT WARNING * * *
Unknown command.
You hit the tengu warrior. You freeze the tengu warrior.
The tengu warrior is lightly wounded.
The tengu warrior hits you with a +2 war axe of electrocution.
* * * LOW HITPOINT WARNING * * *
You are electrocuted!
You die...

.## #..####..#.# ..#
#../#.....# #.#
#.####)).##### #.# #.#
#.).## #.## #.#
###...## #..#
#.###......# ##.##
#.##.)..##..# #..#
#.##..### #... #
##@###.#...# ### #.
#Q##|...#.#
###>###.#...##..#####
.....§........§.§...#
≈.≈≈≈§≈.§§≈§≈.§≈≈≈≈.#
#≈.≈###≈.≈###≈.§###≈..
#≈§ #§.≈# #§.§# .#
#§§≈###§.≈###§§§###≈..
§§§≈≈≈≈≈.≈≈§≈≈.≈§≈≈§.#


You could see a tengu warrior.

Vanquished Creatures
  A wraith (D:8)
  A steam dragon (D:7)
  2 vampire mosquitoes (D:7)
  An acid dragon (D:8)
  Duvessa (D:5)
  4 ice beasts
  An orc warrior (D:8)
  3 sky beasts
  3 necrophages
  A black bear (D:4)
  4 ogres
  A centaur (D:8)
  A kobold brigand (D:5)
  5 scorpions
  A water moccasin zombie (D:5)
  Dowan (D:5)
  4 wights (D:8)
  A bullfrog zombie (D:6)
  3 centaur zombies
  Crazy Yiuf (D:2)
  2 centaur skeletons
  3 orc priests
  2 bullfrog skeletons (D:5)
  3 hounds
  A jelly (D:5)
  Jessica (D:2)
  An iguana (D:5)
  4 orc wizards
  A killer bee zombie (D:7)
  A howler monkey zombie (D:7)
  Robin (D:2)
  2 howler monkey skeletons (D:6)
  8 adders
  A shadow imp (D:3)
  An ufetubus (D:6)
  A worm (D:4)
  3 dart slugs
  15 orcs
  4 ball pythons
  6 bats
  5 endoplasms
  5 giant cockroaches
  10 goblins
  9 hobgoblins
  4 jackals (D:1)
  11 kobolds
  3 quokkas (D:1)
  7 frilled lizards
  4 rats
159 creatures vanquished.

Vanquished Creatures (others)
  5 fungi (D:2)
5 creatures vanquished.

Grand Total: 164 creatures vanquished

Notes
Turn   | Place    | Note
-------+----------+-------------------------------------------
     0 | D:1      | heikuro the Formicid Fighter began the quest for the Orb.
     0 | D:1      | Reached XP level 1. HP: 18/18 MP: 1/1
   107 | D:1      | Reached XP level 2. HP: 24/24 MP: 2/2
   374 | D:1      | Reached XP level 3. HP: 29/29 MP: 3/3
   508 | D:1      | Found a faded altar of an unknown god.
   878 | D:2      | Noticed Robin
  1060 | D:1      | Reached XP level 4. HP: 6/37 MP: 4/4
  1062 | D:1      | Reached skill level 3 in Axes
  1345 | D:2      | Killed Robin
  1755 | D:2      | Reached XP level 5. HP: 14/42 MP: 5/5
  2552 | D:2      | Found a runed translucent door.
  2552 | D:2      | Noticed Jessica
  2553 | D:2      | Noticed Crazy Yiuf
  2560 | D:2      | Killed Jessica
  2563 | D:2      | Killed Crazy Yiuf
  3335 | D:4      | Reached XP level 6. HP: 48/48 MP: 6/6
  3386 | D:4      | Noticed a black bear
  3395 | D:4      | Killed a black bear
  3396 | D:4      | Reached skill level 4 in Axes
  3410 | D:4      | Found a shimmering blue altar of Sif Muna.
  3412 | D:4      | Found an ancient bone altar of Kikubaaqudgha.
  3412 | D:4      | Found a radiant altar of Vehumet.
  3421 | D:4      | Got Kikubaaqudgha's Grimoire of Stolen Souls
  3465 | D:4      | Noticed an ogre
  3473 | D:4      | Killed an ogre
  3474 | D:4      | Reached skill level 1 in Evocations
  3580 | D:4      | Found a staircase to the Ecumenical Temple.
  3590 | Temple   | Entered the Ecumenical Temple
  3801 | Temple   | Became a worshipper of Warmaster Okawaru
  3833 | D:4      | Reached XP level 7. HP: 55/55 MP: 7/7
  3871 | D:4      | Reached skill level 5 in Shields
  4238 | D:5      | Entered Level 5 of the Dungeon
  4302 | D:5      | Reached skill level 1 in Invocations
  4339 | D:5      | Reached skill level 5 in Axes
  4517 | D:5      | Found a transporter.
  4518 | D:5      | Noticed a kobold demonologist
  4521 | D:5      | Reached * piety under Okawaru
  4522 | D:5      | Reached skill level 5 in Fighting
  4522 | D:5      | Reached XP level 8. HP: 42/62 MP: 9/9
  4645 | D:5      | Found a glowing golden altar of the Shining One.
  4645 | D:5      | Found a transporter.
  4667 | D:5      | Noticed Dowan
  4686 | D:5      | Noticed Duvessa
  4697 | D:5      | Killed Duvessa
  4698 | D:5      | Reached skill level 5 in Armour
  4726 | D:5      | Killed Dowan
  5069 | D:5      | Found a hazy altar of Hepliaklqana.
  5091 | D:5      | Reached skill level 6 in Axes
  5330 | D:5      | Reached ** piety under Okawaru
  5453 | D:5      | Identified the +1 hat "Alirhafo" {rF+ rC++ Str+3}
  5497 | D:5      | Reached XP level 9. HP: 61/69 MP: 11/11
  6322 | D:6      | Found a shadowy altar of Dithmenos.
  6497 | D:6      | Found a broken altar of Ashenzari.
  6621 | D:6      | Found Siekh's General Store.
  7371 | D:7      | Found Vajaguge's Weapon Shoppe.
  7447 | D:7      | Reached skill level 7 in Axes
  8034 | D:7      | Reached *** piety under Okawaru
  8180 | D:7      | Reached XP level 10. HP: 77/77 MP: 13/13
  8489 | D:8      | Reached skill level 5 in Invocations
  8534 | D:8      | Reached skill level 5 in Evocations
  8556 | D:8      | Reached skill level 8 in Axes
  8788 | D:8      | Reached **** piety under Okawaru
  8792 | D:8      | Noticed a tengu warrior
  8804 | D:8      | Slain by a tengu warrior

Illustrated notes

Levels and vault maps discovered:
D:1:      ncdulo_halloftheorcs, layout_loops_ring,
          hellmonk_ecumenical_altar_crossroads
D:2:      layout_basic, uniq_crazy_yiuf_cottage, uniq_jessica, uniq_robin
D:3:      layout_basic
D:4:      layout_basic, grunt_temple_overflow_magic_moments,
          minmay_temple_entry_statues_pillars
D:5:      layout_basic, mainiacjoe_overflow_catwalk,
          gammafunk_temple_overflow_arena, uniq_duvessa
D:6:      layout_basic, chequers_temple_overflow_statue_of_worship,
          serial_shops, kennysheep_mini_moat
D:7:      layout_loops_corners, serial_shops, shop_statue
D:8:      layout_rooms, kennysheep_boxes
Temple:   nicolae_temple_figure_eight

Skill      XL: |  1  2  3  4  5  6  7  8  9 10 |
---------------+-------------------------------+-----
Shields        | 4 5 6 7 |  7.6
Axes           | 3 4 5 6 7 8 |  8.2
Fighting       | 4 5 6 7 |  7.0
Armour         | 4 5 6 |  6.9
Evocations     | 1 2 3 4 5 |  5.3
Invocations    | 1 3 4 5 |  5.5

Action                   |  1- 3 |  4- 6 |  7- 9 | 10-12 || total
-------------------------+-------+-------+-------+-------++-------
Melee: War axe           |    75 |    48 |       |       ||   123
       Dagger            |       |    16 |       |       ||    16
       Battleaxe         |       |    75 |   325 |    81 ||   481
Throw: Javelin           |       |     3 |       |       ||     3
Invok: Heroism           |       |       |     2 |     2 ||     4
  Use: Scroll            |       |     4 |     1 |       ||     5
       Potion            |       |     1 |       |       ||     1
Armor: Scale mail        |    61 |    47 |       |       ||   108
       Chain mail        |       |    18 |   276 |    55 ||   349
Dodge: Dodged            |    52 |    66 |   181 |    48 ||   347
Block: Buckler           |    18 |    29 |    93 |    19 ||   159

Table legend: (Time is in decaauts)
 A = Elapsed time spent in this place.
 B = Non-inter-level travel time spent in this place.
 C = Inter-level travel time spent in this place.
 D = Time resting spent in this place.
 E = Time spent auto-exploring this place.
 F = Levels seen in this place.
 G = Mean time per level.
                   A        B        C        D        E       F      G
               +--------+--------+--------+--------+--------+-----+--------+
         Total |   9038 |   8752 |    286 |   2803 |   4108 |   9 | 1004.2 |
       Dungeon |   8814 |   8539 |    275 |   2803 |   3901 |   8 | 1101.8 |
        Temple |    223 |    212 |     11 |      0 |    207 |   1 |  223.0 |
               +--------+--------+--------+--------+--------+-----+--------+

Top non-repeatable levels by time:
     D:2: 1485 daAuts
     D:7: 1482 daAuts
     D:5: 1454 daAuts
     D:1: 1308 daAuts
     D:6: 1281 daAuts
     D:4: 726 daAuts
     D:3: 596 daAuts
     D:8: 480 daAuts
  Temple: 223 daAuts
